[Event "ICCopen2016"]
[Site "Internet Chess Club"]
[Date "2016.06.03"]
[Round "6"]
[White "smyslovfan"]
[Black "DEHO"]
[Result "0-1"]
[ICCResult "White forfeits on time"]
[WhiteElo "1595"]
[BlackElo "2205"]
[Opening "English: four knights, Romanishin variation"]
[ECO "A22"]
[NIC "EO.05"]
[Time "19:55:35"]
[TimeControl "180+0"]

1. c4 Nf6 2. Nc3 e5 3. e3 Bb4 4. Nf3 Nc6 5. Qc2 Bxc3 6. Qxc3 Qe7 7. d3 Kf8
8. Be2 d5 9. O-O Bg4 10. Re1 Rd8 11. b3 Kg8 12. h3 Bh5 13. Bb2 d4 14. exd4
exd4 15. Nxd4 Nxd4 16. Bxh5 Qd6 17. Be2 c5 18. Bf1 h5 19. Re3 h4 20. Rae1
Rh5 21. b4 b6 22. bxc5 bxc5 23. Qd2 Rf5 24. Bxd4 Qxd4 25. Qa5 Rd7 26. Qb5 g6
27. Qb8+ Kg7 28. Qa8 g5 29. Rf3 Rxf3 30. Qxf3 Kg6 31. Be2 Re7 32. Rb1 Qc3
33. Rb8 Qa1+ 34. Kh2 Qxa2 35. Rb7 Qxe2 36. Qxe2 Rxe2 37. Rxf7 Rxf2
{White forfeits on time}
0-1

[Event "ICCopen2016"]
[Site "Internet Chess Club"]
[Date "2016.06.03"]
[Round "6"]
[White "AaronArrowood"]
[Black "acash"]
[Result "0-1"]
[ICCResult "White forfeits on time"]
[WhiteElo "1732"]
[BlackElo "1851"]
[Opening "Pirc: Ufimtsev-Pytel variation"]
[ECO "B07"]
[NIC "QP.07"]
[Time "19:55:38"]
[TimeControl "180+0"]

1. d4 Nf6 2. Nc3 d6 3. e4 c6 4. Nf3 Bg4 5. Be2 e6 6. Be3 d5 7. e5 Nfd7 8. h3
Bh5 9. g4 Bg6 10. h4 h5 11. g5 c5 12. Bd3 Bxd3 13. Qxd3 g6 14. Qb5 Qc7 15.
O-O-O a6 16. Qe2 c4 17. Rd2 b5 18. Nd1 Qa5 19. Kb1 b4 20. Ne1 Nc6 21. f4 Rb8
22. c3 bxc3 23. Nxc3 Ba3 24. Rc2 Nb4 25. Nd1 Nxc2 26. Qxc2 Be7 27. Nc3 O-O
28. Nf3 Rb7 29. Rh2 Rfb8 30. Bc1 Ba3 31. Nd1 Be7 32. Nc3 Nb6 33. Ng1 Nd7 34.
Nf3 Rb4 35. Ng1 Qb6 36. Nf3 a5 37. Ng1 a4 38. a3 Rb3 39. Ka2 Qa5 40. Nf3
R8b7 41. Rg2 Nb8 42. Rf2 Na6 43. Re2 Nc7 44. Rf2 Nb5 45. Rg2 Rxa3+
{White forfeits on time}
0-1

[Event "ICCopen2016"]
[Site "Internet Chess Club"]
[Date "2016.06.03"]
[Round "6"]
[White "Ira57"]
[Black "alan2015"]
[Result "1-0"]
[ICCResult "Black forfeits on time"]
[WhiteElo "1680"]
[BlackElo "1306"]
[Opening "Queen's pawn game, Chigorin variation"]
[ECO "D02"]
[NIC "QP.08"]
[Time "19:55:40"]
[TimeControl "180+0"]

1. d4 d5 2. Nf3 Nc6 3. Bf4 e6 4. e3 Bd6 5. Bg3 Nf6 6. Nbd2 Ne7 7. Bd3 b6 8.
Ne5 Bb7 9. c4 c6 10. O-O Qc7 11. Rc1 O-O 12. f4 Rac8 13. Bh4 Ne8 14. Bxe7
Qxe7 15. Qh5 Nf6 16. Qf3 c5 17. Qe2 h6 18. a3 Nd7 19. Ndf3 Nxe5 20. Nxe5
Bxe5 21. fxe5 f5 22. exf6 Rxf6 23. Rxf6 Qxf6 24. Rf1 Qg5 25. cxd5 exd5 26.
Rf5 Qe7 27. Qg4 Rf8 28. Rxf8+ Kxf8 29. Qf4+ Kg8 30. Qb8+ Kf7 31. Qf4+ Kg8
32. Qf5 Qxe3+ 33. Kf1 Qe8 34. Qh7+ Kf8 35. Qh8+ Ke7 36. Qxg7+ Qf7+ 37. Qxf7+
Kxf7 38. dxc5 bxc5 39. Ke2 c4 40. Bc2 Ba6 41. Ke3 Ke6 42. Kd4 Kd6 43. Bd1
Bb5 44. Bf3 Bc6 45. g4 a5 46. h4 Bd7 47. g5 hxg5 48. hxg5 Bf5 49. Bxd5
{Black forfeits on time}
1-0

[Event "ICCopen2016"]
[Site "Internet Chess Club"]
[Date "2016.06.03"]
[Round "6"]
[White "blackending"]
[Black "Chaos23"]
[Result "0-1"]
[ICCResult "White resigns"]
[WhiteElo "1615"]
[BlackElo "1991"]
[Opening "Robatsch (modern) defense"]
[ECO "B06"]
[NIC "KF.05"]
[Time "19:56:19"]
[TimeControl "180+0"]

1. e4 g6 2. d4 Bg7 3. c4 c5 4. d5 d6 5. Nc3 e6 6. f4 Ne7 7. Nf3 O-O 8. h3
exd5 9. cxd5 Nd7 10. Be2 f5 11. O-O fxe4 12. Nxe4 Nf6 13. Nxf6+ Bxf6 14. Bc4
Nf5 15. Rb1 Ng3 16. Re1 Bf5 17. Bd3 Qd7 18. Qc2 b5 19. b3 Rac8 20. Ng5 Bxg5
21. fxg5 c4 22. bxc4 bxc4 23. Bxf5 Rxf5 24. Qc3 Nh5 25. Bb2 Kf7 26. Rf1 a5
27. g4 Qa7+ 28. Kh2 Rf2+ 29. Rxf2+ Qxf2+ 30. Kh1 Ng3+ {White resigns} 0-1

[Event "ICCopen2016"]
[Site "Internet Chess Club"]
[Date "2016.06.03"]
[Round "6"]
[White "Reverse-Flash"]
[Black "TallTower"]
[Result "0-1"]
[ICCResult "White forfeits on time"]
[WhiteElo "2165"]
[BlackElo "1857"]
[Opening "Réti opening"]
[ECO "A05"]
[NIC "EO.47"]
[Time "19:55:37"]
[TimeControl "180+0"]

1. Nf3 Nf6 2. b3 g6 3. Bb2 Bg7 4. c4 O-O 5. g3 b6 6. Bg2 Bb7 7. O-O c5 8.
Qc2 Nc6 9. a3 d6 10. e3 e5 11. d3 a5 12. Nbd2 Nd7 13. Ne4 Qe7 14. Nc3 Na7
15. Rfe1 f5 16. d4 cxd4 17. exd4 e4 18. Qd2 Qf6 19. Ng5 h6 20. Ncxe4 fxe4
21. Nxe4 Bxe4 22. Bxe4 Rae8 23. Qc2 g5 24. Ra2 Re7 25. f3 Nc8 26. Rf1 Kh8
27. Bc3 Ree8 28. Qd3 Ne7 29. Raf2 Nf5 30. f4 g4 31. Kg2 h5 32. h3 gxh3+ 33.
Kxh3 h4 34. g4 Ng3 35. Bg6 Rd8 36. Rg1 Nc5 37. Qf3 Ne6 38. Rxg3 Nxf4+ 39.
Qxf4 Qxf4 40. Rxf4 Rxf4 41. Kxh4 Bxd4 42. Kg5 Bxc3 43. Rxc3 Rf1 44. Rh3+ Kg8
45. Kh6 Rd7 46. g5 Rg7 47. Re3 Rf8 48. Re6 d5 49. Rc6 Rd7
{White forfeits on time}
0-1

[Event "ICCopen2016"]
[Site "Internet Chess Club"]
[Date "2016.06.03"]
[Round "6"]
[White "Spirals"]
[Black "ARMCOMPOSER"]
[Result "0-1"]
[ICCResult "White forfeits on time"]
[WhiteElo "2169"]
[BlackElo "3075"]
[Opening "Ruy Lopez: Berlin defense"]
[ECO "C65"]
[NIC "RL.07"]
[Time "19:56:42"]
[TimeControl "180+0"]

1. e4 e5 2. Nf3 Nc6 3. Bb5 Nf6 4. d3 Bc5 5. O-O Nd4 6. Bc4 d6 7. Nxd4 Bxd4
8. c3 Bb6 9. h3 O-O 10. Bg5 h6 11. Be3 c6 12. Bxb6 axb6 13. Nd2 b5 14. Bb3
Be6 15. Bxe6 fxe6 16. a3 Qe8 17. f4 exf4 18. Rxf4 e5 19. Rf5 Kh8 20. Qf3 Nh7
21. Rxf8+ Qxf8 22. Qxf8+ Nxf8 23. Rf1 Kg8 24. g3 Ne6 25. Nf3 Nc5 26. Rd1 Rf8
27. Kg2 Kf7 28. Kf2 Ke7 29. Ke3 Rf6 30. d4 exd4+ 31. cxd4 Na4 32. Rd2 Nb6
33. b3 Rf8 34. Ra2 d5 35. Ne5 Ra8 36. a4 bxa4 37. bxa4 Rxa4 38. Rxa4 Nxa4
39. exd5 cxd5 40. Nd3 Kd6 41. Kf4 Nc3 42. Nb4 Ne2+ 43. Kf5 Nxd4+ 44. Kg6 Ne6
45. Nd3 d4 46. Kf7 b5 47. h4 Kd5 48. h5 Nc5 49. Nf4+ Ke5 50. Kxg7 d3 51. Ng2
d2 52. Ne3 Kd4 53. Nd1 Kd3 54. Kxh6 Ke2 55. Nb2 Nd3 56. Nxd3 Kxd3 57. Kg7
d1=Q 58. h6 Qg4+ 59. Kh8 Qg6 60. h7 Qf7 {White forfeits on time} 0-1

[Event "ICCopen2016"]
[Site "Internet Chess Club"]
[Date "2016.06.03"]
[Round "6"]
[White "Mad-Cobra"]
[Black "airantrobo"]
[Result "1-0"]
[ICCResult "Black forfeits on time"]
[WhiteElo "1860"]
[BlackElo "1537"]
[Opening "Nimzo-Indian: Spielmann variation"]
[ECO "E22"]
[NIC "NI.30"]
[Time "19:55:52"]
[TimeControl "180+0"]

1. d4 Nf6 2. c4 e6 3. Nc3 Bb4 4. Qb3 Bxc3+ 5. Qxc3 O-O 6. Nf3 d5 7. e3 Ne4
8. Qc2 b6 9. b3 Bb7 10. Bb2 Nd7 11. Be2 Ndf6 12. h3 Rc8 13. c5 bxc5 14. dxc5
Bc6 15. b4 Rb8 16. a3 a5 17. Bc3 axb4 18. Bxb4 Bb5 19. O-O Bxe2 20. Qxe2 c6
21. Ne5 Qc7 22. Nf3 h6 23. Rac1 Rb7 24. Nd4 Rfb8 25. f4 e5 26. fxe5 Qxe5 27.
Nxc6 Ng3 28. Qf3 Qe4 29. Qxe4 dxe4 30. Rf4 Ne2+ 31. Kh2 Nxf4 32. exf4 Rxb4
33. axb4 Rb5 34. g4 Nd5 35. Rb1 Nxf4 36. Kg3 Nd3 37. h4 Kf8 38. Na7 Rxb4 39.
Rxb4 Nxb4 40. c6 Nd5 41. Kf2 Nc7 42. Ke3 Ke7 43. Kxe4 Kd6 44. Kf5 Kc5 45. g5
Kb6 46. Nc8+ Kxc6 47. Ne7+ Kd6 48. Nc8+ Kd7 49. Nb6+ Kc6 50. Nc4 hxg5 51.
hxg5 Ne6 52. Ne5+ Kd5 53. Nxf7 Nf8 54. Nh8 Kd6 55. Ng6 Kd7 56. Nxf8+ Ke7 57.
Nh7 Kf7 58. g6+ Kg8 59. Kg5 Kh8 60. Nf6 gxf6+ 61. Kxf6 Kg8 62. Kg5 Kg7 63.
Kf5 Kg8 64. Kf6 Kf8 65. Kg5 Kg7 66. Kh5 Kg8 67. Kh6 Kh8 68. Kg5 Kg7 69. Kf5
Kf8 70. Kf6 Kg8 71. g7 Kh7 72. Kf7 {Black forfeits on time} 1-0

[Event "ICCopen2016"]
[Site "Internet Chess Club"]
[Date "2016.06.03"]
[Round "6"]
[White "hunterking"]
[Black "Kannayya"]
[Result "0-1"]
[ICCResult "White resigns"]
[WhiteElo "1375"]
[BlackElo "1115"]
[Opening "English opening"]
[ECO "A30"]
[NIC "QP.11"]
[Time "19:57:46"]
[TimeControl "180+0"]

1. Nf3 Nf6 2. c4 c5 3. e3 Nc6 4. Nc3 e5 5. d3 Be7 6. g3 O-O 7. Bg2 Re8 8.
O-O d6 9. b3 Bf8 10. Bb2 Be6 11. Ng5 Bd7 12. Nd5 Nxd5 13. Nxf7 Kxf7 14.
Bxd5+ Be6 15. Qf3+ Qf6 16. Bxc6 bxc6 17. Qxc6 Kg8 18. f4 Bh3 19. fxe5 Qg6
20. Rf2 dxe5 21. Qxg6 hxg6 22. Re1 Be6 23. d4 cxd4 24. exd4 exd4 25. Bxd4
Bf7 26. Rfe2 Rxe2 27. Rxe2 Rd8 28. Re4 g5 29. Re2 Rxd4 30. Kf2 Rd6
{White resigns}
0-1

[Event "ICCopen2016"]
[Site "Internet Chess Club"]
[Date "2016.06.03"]
[Round "6"]
[White "chigamaster"]
[Black "Peretyatko"]
[Result "1-0"]
[ICCResult "Black resigns"]
[WhiteElo "2963"]
[BlackElo "2770"]
[Opening "Sicilian: Nimzovich-Rossolimo attack (with ...g6, without ...d6)"]
[ECO "B31"]
[NIC "SI.31"]
[Time "19:56:10"]
[TimeControl "180+0"]

1. e4 c5 2. Nf3 Nc6 3. Bb5 g6 4. Bxc6 dxc6 5. d3 Bg4 6. h3 Bxf3 7. Qxf3 Bg7
8. O-O Nf6 9. Nc3 Nd7 10. Be3 e5 11. a4 O-O 12. a5 b5 13. axb6 axb6 14. Qg4
Qe7 15. Qe2 Rfe8 16. Qd2 Nf8 17. Na4 Qc7 18. Ra3 Ne6 19. Rfa1 Reb8 20. Kh2
Bf8 21. Nxc5 Rxa3 22. Nxe6 Qc8 23. bxa3 Qxe6 24. a4 Qd7 25. a5 bxa5 26. Qxa5
Bd6 27. Qa6 Kg7 28. Qc4 f6 29. Ra7 Rb7 30. Ra6 Rc7 31. Bb6 Rb7 32. Be3 Rc7
33. Ra8 Rc8 34. Ra7 Rc7 35. Rxc7 Bxc7 36. Bc5 Bd6 37. Qb4 Bxc5 38. Qxc5 h5
39. g3 g5 40. Kg2 g4 41. hxg4 hxg4 42. Qc4 Kh7 43. c3 Kg7 44. d4 exd4 45.
cxd4 Qd6 46. Qa4 Kf7 47. Qc4+ Ke7 48. d5 cxd5 49. exd5 f5 50. Qd4 Kf7 51.
Kf1 Ke7 52. Ke2 Kf7 53. Ke3 Ke7 54. Qg7+ Ke8 55. Qg8+ Ke7 56. Qh7+ Ke8 57.
Qxf5 Qc5+ 58. Ke2 Qc4+ 59. Qd3 Qb4 60. Ke3 Kd7 61. Qd4 Qb3+ 62. Kf4 Qf3+ 63.
Kg5 Qe2 64. Qxg4+ {Black resigns} 1-0

[Event "ICCopen2016"]
[Site "Internet Chess Club"]
[Date "2016.06.03"]
[Round "6"]
[White "chessdad"]
[Black "ebochess"]
[Result "0-1"]
[ICCResult "White forfeits on time"]
[WhiteElo "1216"]
[BlackElo "1423"]
[Opening "Caro-Kann defense"]
[ECO "B10"]
[NIC "CK.01"]
[Time "19:55:34"]
[TimeControl "180+0"]

1. e4 c6 2. Nf3 d5 3. exd5 cxd5 4. d4 Nf6 5. Bd3 Bg4 6. O-O e6 7. Be3 Bd6 8.
Nbd2 O-O 9. b3 a6 10. c4 Qc7 11. c5 Bf4 12. Qc2 Bxe3 13. fxe3 Nc6 14. e4 Nb4
15. Qb1 Nxd3 16. Qxd3 dxe4 17. Nxe4 Nxe4 18. Qxe4 Bf5 19. Qe3 Rad8 20. Nh4
Bg4 21. Rf4 Bh5 22. Nf3 Rd5 23. Ne5 Qe7 24. Raf1 f6 25. Nf3 Bf7 26. Nd2 Rfd8
27. Rg4 h5 28. Rh4 g5 29. Rh3 g4 30. Rg3 Kg7 31. Rf4 f5 32. h3 Qf6 33. hxg4
hxg4 34. Rgxg4+ Kf8 35. Rh4 Ke7 36. Nf3 Rg8 37. Ne5 Qg5 38. Qe2 Bh5 39. Qf2
Bg4 40. Nxg4 fxg4 41. Rh7+ Rg7 {White forfeits on time} 0-1

[Event "ICCopen2016"]
[Site "Internet Chess Club"]
[Date "2016.06.03"]
[Round "6"]
[White "skippykid"]
[Black "Nedwis"]
[Result "1/2-1/2"]
[ICCResult "Game drawn because neither player has mating material"]
[WhiteElo "2301"]
[BlackElo "2898"]
[Opening "Alekhine's defense: modern, fianchetto variation"]
[ECO "B04"]
[NIC "AL.04"]
[Time "19:56:05"]
[TimeControl "180+0"]

1. e4 Nf6 2. e5 Nd5 3. Nf3 d6 4. d4 g6 5. Be2 Bg7 6. O-O O-O 7. exd6 exd6 8.
c3 Re8 9. Re1 Nc6 10. Nbd2 Bf5 11. Nf1 Qd7 12. Ng3 Bg4 13. Bd2 h6 14. h3
Bxf3 15. Bxf3 Rxe1+ 16. Qxe1 Re8 17. Qf1 Nf6 18. Re1 Kh7 19. Rxe8 Qxe8 20.
Qc4 Qd7 21. Kh2 a6 22. Qb3 Na5 23. Qb4 b6 24. b3 d5 25. Bf4 Kg8 26. Be5 Bf8
27. Qa4 Qxa4 28. bxa4 Ne8 29. Bxd5 c6 30. Bf3 Nc4 31. Bxc6 Nxe5 32. dxe5 Nc7
33. Ne4 Kg7 34. f4 Ba3 35. g4 Kf8 36. Kg3 Ke7 37. f5 gxf5 38. gxf5 Bc1 39.
Nd6 f6 40. Nc8+ Kd8 41. Nxb6 fxe5 42. f6 Ne6 43. Kg4 Kc7 44. Bd5 Nf4 45. f7
Ba3 46. Nc4 Bf8 47. Be4 Ne6 48. Nxe5 Kd6 49. Ng6 Bg7 50. c4 Nc5 51. Bd5 Nxa4
52. f8=Q+ Bxf8 53. Nxf8 Nc3 54. Ne6 Nxa2 55. Nd4 Nc3 56. Kh5 a5 57. Nc2 a4
58. Kxh6 Kc5 59. Kg5 Ne2 60. h4 Nd4 61. Nxd4 Kxd4 62. Bg8 Kc5 63. Bh7 a3 64.
Bb1 Kxc4 65. h5 Kb3 66. h6 Kb2 67. Ba2 Kxa2 68. h7 Kb1 69. h8=Q a2 70. Qb8+
Ka1 71. Qe5+ Kb1 72. Qb5+ Ka1 73. Qd3 Kb2 74. Qd2+ Kb1 75. Qd1+ Kb2 76. Qd4+
Kb1 77. Qb4+ Ka1 78. Qa3 Kb1 79. Qb3+ Ka1 80. Qd1+ Kb2 81. Qe2+ Kb1 82. Kf4
a1=Q 83. Ke3 Qb2 84. Qd3+ Qc2 85. Qb5+ Qb2 86. Qf5+ Qc2 87. Qf1+ Qc1+ 88.
Qxc1+ Kxc1 {Game drawn because neither player has mating material} 1/2-1/2

[Event "ICCopen2016"]
[Site "Internet Chess Club"]
[Date "2016.06.03"]
[Round "6"]
[White "Red-white"]
[Black "Anarchy"]
[Result "1/2-1/2"]
[ICCResult "Game drawn by repetition"]
[WhiteElo "3098"]
[BlackElo "2786"]
[Opening "Sicilian: Kan variation"]
[ECO "B41"]
[NIC "SI.41"]
[Time "19:56:08"]
[TimeControl "180+0"]

1. e4 c5 2. Nf3 e6 3. d4 cxd4 4. Nxd4 a6 5. g3 Nc6 6. Bg2 Qc7 7. O-O d6 8.
c4 Nf6 9. Nc3 Bd7 10. Be3 Ne5 11. b3 b5 12. Rc1 bxc4 13. bxc4 Be7 14. Kh1
O-O 15. f4 Nxc4 16. Bg1 Rac8 17. g4 Be8 18. f5 e5 19. Nb3 h6 20. h4 Nd7 21.
Nd5 Qd8 22. Qe2 Ndb6 23. Nxe7+ Qxe7 24. f6 gxf6 25. Be3 Kh7 26. g5 fxg5 27.
hxg5 Nxe3 28. Qxe3 Nc4 29. Qh3 Qxg5 30. Qxc8 Ne3 31. Rg1 f5 32. Rc7+ Kh8 33.
Bh3 Qh4 34. Kh2 Qf2+ 35. Kh1 Qh4 36. Kh2 Qf2+ 37. Kh1 Qh4 38. Kh2 Qf2+
{Game drawn by repetition}
1/2-1/2

[Event "ICCopen2016"]
[Site "Internet Chess Club"]
[Date "2016.06.03"]
[Round "6"]
[White "nurmi"]
[Black "kaimann"]
[Result "1/2-1/2"]
[ICCResult "White ran out of time and Black has no material to mate"]
[WhiteElo "2302"]
[BlackElo "1959"]
[Opening "English opening"]
[ECO "E08"]
[NIC "EO.64"]
[Time "19:55:50"]
[TimeControl "180+0"]

1. c4 e6 2. g3 d5 3. Bg2 c6 4. Nf3 Nf6 5. O-O Be7 6. d4 O-O 7. Qc2 Nbd7 8.
cxd5 cxd5 9. Nc3 b6 10. Bf4 Bb7 11. Rac1 Rc8 12. Qa4 a6 13. Qb3 b5 14. e3
Nb6 15. Ne5 Nc4 16. Rfd1 Nxe5 17. dxe5 Nd7 18. e4 Nc5 19. Qc2 b4 20. Nxd5
exd5 21. exd5 Ne6 22. Qb3 Rxc1 23. Bxc1 Nc5 24. Qxb4 Qa8 25. Be3 Rc8 26. Bh3
Bxd5 27. Rxd5 Qxd5 28. Bxc8 Qd1+ 29. Kg2 Qd5+ 30. f3 Qxe5 31. Qd4 Qxd4 32.
Bxd4 Ne6 33. Be3 Kf8 34. Kf2 Ke8 35. Bxa6 Kd7 36. Bd3 g6 37. Ke2 Kc6 38. Kd2
Bb4+ 39. Kc2 Be1 40. Bc4 Nd8 41. a3 f5 42. b4 Nb7 43. b5+ Kd7 44. Bd5 Nd6
45. Bc6+ Kc7 46. Bf4 Bf2 47. Kd3 Bc5 48. a4 Kb6 49. Kc3 Nb7 50. Kb3 Na5+ 51.
Kc3 Nxc6 52. bxc6 Kxc6 53. Kc4 Bg1 54. h4 Bf2 55. Kb4 Be1+ 56. Kc4 Bf2 57.
a5 Be1 58. a6 Kb6 59. Kd5 Kxa6 60. Ke6 Bc3 61. Kf7 h6 62. Kg8 g5 63. hxg5
hxg5 64. Bxg5 Be1 65. Bh4 f4 66. gxf4 Bxh4 67. f5 Bf6 68. Kf7 Bb2 69. Kg6
Bc3 70. f6 Bxf6 71. Kxf6 Kb5 72. Kf7 Kc5
{White ran out of time and Black has no material to mate}
1/2-1/2

[Event "ICCopen2016"]
[Site "Internet Chess Club"]
[Date "2016.06.03"]
[Round "6"]
[White "Willy809"]
[Black "Entoloma"]
[Result "0-1"]
[ICCResult "White forfeits on time"]
[WhiteElo "1623"]
[BlackElo "2039"]
[Opening "Queen's pawn: Keres defense"]
[ECO "A40"]
[NIC "QO.17"]
[Time "19:55:58"]
[TimeControl "180+0"]

1. d4 e6 2. c4 b6 3. Nf3 Bb7 4. Nbd2 f5 5. g3 Nf6 6. Bg2 Be7 7. O-O O-O 8.
Qc2 Qc8 9. a3 a5 10. b3 d6 11. Bb2 Re8 12. Rac1 Nbd7 13. Rfd1 g6 14. Nf1 Bf8
15. Ne3 e5 16. d5 Bg7 17. Ng5 Nf8 18. b4 axb4 19. axb4 h6 20. Nf3 Qd8 21.
Ra1 Qe7 22. Qb3 N8d7 23. Ra4 Rxa4 24. Qxa4 Ra8 25. Qb3 Ne4 26. Ra1 Qe8 27.
Nh4 Kh7 28. Rxa8 Qxa8 29. Qa3 Qxa3 30. Bxa3 Nd2 31. Nc2 Nxc4 32. Bc1 Bc8 33.
e4 Nf6 34. exf5 gxf5 35. h3 b5 36. Kf1 Bb7 37. Nxf5 Bxd5 38. Ne7 Bxg2+ 39.
Kxg2 Kh8 40. Nd5 Ne8 41. Nce3 Nxe3+ 42. Bxe3 Kg8 43. Ne7+ Kf7 44. Nc6 Ke6
45. Na7 c5 46. Nxb5 cxb4 47. Bc1 Kd5 {White forfeits on time} 0-1

[Event "ICCopen2016"]
[Site "Internet Chess Club"]
[Date "2016.06.03"]
[Round "6"]
[White "VrloJakMK"]
[Black "panom"]
[Result "1-0"]
[ICCResult "Black checkmated"]
[WhiteElo "2121"]
[BlackElo "1619"]
[Opening "QGD: 4.Nf3"]
[ECO "D37"]
[NIC "QO.16"]
[Time "19:55:54"]
[TimeControl "180+0"]

1. d4 d5 2. c4 e6 3. Nc3 Nf6 4. Nf3 Be7 5. g3 O-O 6. Bg2 c6 7. O-O Nbd7 8.
a4 Re8 9. a5 a6 10. Qb3 Nf8 11. Ne5 Ng6 12. Nxg6 hxg6 13. Rd1 dxc4 14. Qxc4
Nd5 15. e4 Nxc3 16. bxc3 Qc7 17. Be3 Bd7 18. f4 Rac8 19. Bf2 Red8 20. h4 Kf8
21. Bf3 Be8 22. h5 gxh5 23. Bxh5 c5 24. d5 e5 25. f5 f6 26. Bxe8 Rxe8 27.
Qe2 Bd6 28. c4 Ke7 29. Rdb1 Rh8 30. Rb6 Rh6 31. Rab1 Rb8 32. Qg4 Kf7 33. Kg2
Qd7 34. Qf3 Rbh8 35. Bg1 Rb8 36. Qb3 Bc7 37. Rxb7 Rxb7 38. Qxb7 Ke7 39.
Bxc5+ Kf7 40. d6 Qa4 41. Qxc7+ Kg8 42. Qb8+ Kh7 43. Qb3 Qxa5 44. Bg1 Qd2+
45. Bf2 Qxd6 46. c5 Qc6 47. Qd5 Qa4 48. Rh1 Rxh1 49. Kxh1 Qa1+ 50. Kg2 a5
51. c6 a4 52. c7 Qc1 53. Qf7 a3 54. Qh5+ Kg8 55. Qe8+ Kh7 56. c8=Q Qxc8 57.
Qxc8 a2 58. Qa6 Kh6 59. Qxa2 Kh7 60. Be3 Kh8 61. Qa8+ Kh7 62. Qb7 Kh8 63.
Qd5 Kh7 64. g4 Kh8 65. g5 Kh7 66. g6+ Kh8 67. Qd8# {Black checkmated} 1-0

[Event "ICCopen2016"]
[Site "Internet Chess Club"]
[Date "2016.06.03"]
[Round "6"]
[White "Schack"]
[Black "DARKTRUDER"]
[Result "0-1"]
[ICCResult "White resigns"]
[WhiteElo "1668"]
[BlackElo "2292"]
[Opening "Trompowsky attack (Ruth, Opocenský opening)"]
[ECO "A45"]
[NIC "QP.07"]
[Time "19:56:43"]
[TimeControl "180+0"]

1. d4 Nf6 2. Bg5 g6 3. Bxf6 exf6 4. e3 Bg7 5. g3 O-O 6. Bg2 c6 7. c4 d6 8.
Nc3 Nd7 9. Nge2 f5 10. O-O Nf6 11. Rc1 Re8 12. Qd2 Ne4 13. Nxe4 fxe4 14. Nc3
f5 15. d5 c5 16. Ne2 h5 17. Nf4 Qf6 18. h4 Bd7 19. b3 b5 20. Ne6 Rec8 21.
Nxg7 Kxg7 22. Qc3 Qxc3 23. Rxc3 b4 24. Rc2 a5 25. f3 exf3 26. Bxf3 a4 27.
Rff2 axb3 28. axb3 Ra3 29. Rb2 Rca8 30. Rfe2 Ra1+ 31. Kg2 Re8 32. e4 fxe4
33. Rxe4 Rxe4 34. Bxe4 Bg4 35. Bf3 Bf5 36. Kf2 Rc1 37. Re2 Rc2 38. Ke1 Rxe2+
39. Bxe2 Kf6 40. Kd2 Ke5 41. Bd3 Bg4 42. Bxg6 Kd4 43. Bc2 Bf3 44. Bg6 Bg4
45. Bd3 Bd1 46. Bg6 Bxb3 47. Bxh5 Bxc4 48. Bf7 Bxd5 49. Bxd5 Kxd5 50. h5 Ke5
51. g4 Kf6 52. h6 d5 53. g5+ Kg6 54. Kc2 c4 55. Kd2 d4 56. Kc2 Kh7 57. Kd2
b3 58. Kc1 c3 59. Kb1 d3 60. Kc1 Kg6 61. h7 Kxh7 {White resigns} 0-1

[Event "ICCopen2016"]
[Site "Internet Chess Club"]
[Date "2016.06.03"]
[Round "6"]
[White "Petergriffin"]
[Black "whiteshark"]
[Result "1-0"]
[ICCResult "Black resigns"]
[WhiteElo "2052"]
[BlackElo "2591"]
[Opening "Benoni: fianchetto, 11...Re8"]
[ECO "A62"]
[NIC "BI.21"]
[Time "19:56:25"]
[TimeControl "180+0"]

1. d4 Nf6 2. c4 c5 3. d5 e6 4. Nc3 exd5 5. cxd5 d6 6. Nf3 g6 7. g3 Bg7 8.
Bg2 O-O 9. O-O Re8 10. Nd2 a6 11. a4 Nbd7 12. h3 Rb8 13. Nc4 Nb6 14. Na3 Bd7
15. e4 Nxa4 16. Nxa4 b5 17. Nxc5 dxc5 18. Bf4 Rc8 19. Re1 Nh5 20. Bc1 c4 21.
Nc2 Qb6 22. Be3 Qb7 23. Bd4 Nf6 24. Nb4 Nxe4 25. Bxe4 Bf8 26. Nc6 Bxh3 27.
Bc3 Bc5 28. Bd4 Bd6 29. Qf3 f5 30. Bc2 Bg4 31. Qc3 f4 32. Be5 b4 33. Qd4
Bxe5 34. Nxe5 Bh3 35. Qxf4 b3 36. Be4 Qe7 37. d6 Qxd6 38. Qf7+ Kh8 39. Bxg6
Re7 40. Qf4 Kg7 41. Bf5 Rf8 42. Qg5+ Kh8 43. Bxh3 Rg7 44. Qe3 Qf6 45. Nd7
Qxb2 46. Nxf8 c3 47. Ne6 Rf7 48. Qd4+ Kg8 49. Qd8+ {Black resigns} 1-0

[Event "ICCopen2016"]
[Site "Internet Chess Club"]
[Date "2016.06.03"]
[Round "6"]
[White "InigoMI"]
[Black "carpedef"]
[Result "0-1"]
[ICCResult "White forfeits on time"]
[WhiteElo "1573"]
[BlackElo "1839"]
[Opening "English opening"]
[ECO "A16"]
[NIC "EO.64"]
[Time "19:55:42"]
[TimeControl "180+0"]

1. c4 Nf6 2. Nc3 g6 3. b4 a5 4. b5 Bg7 5. g3 O-O 6. Bg2 d6 7. Nf3 e5 8. a4
Nbd7 9. Ba3 Rb8 10. O-O b6 11. d4 exd4 12. Nxd4 Bb7 13. Nc6 Bxc6 14. Bxc6
Ne5 15. Bg2 Re8 16. Nd5 Nxc4 17. Qc2 Nxd5 18. Qxc4 Bxa1 19. Rxa1 Nf6 20. Bb2
Re6 21. Qc3 Re5 22. e3 Qe7 23. Rd1 Re8 24. Rd4 Rc5 25. Qd2 Nd7 26. Rf4 f6
27. Bc6 Rf8 28. Qd4 Ne5 29. Bd5+ Kg7 30. Bb3 h5 31. h4 g5 32. hxg5 fxg5 33.
Rxf8 Qxf8 34. Qe4 Qf6 35. Kg2 g4 36. Bc2 Kf7 37. Qh7+ Qg7 38. Bb3+ Kf8 39.
Qxh5 Qf6 40. Qf5 Qxf5 41. Bxe5 Qf3+ 42. Kh2 Rxe5 {White forfeits on time}
0-1

[Event "ICCopen2016"]
[Site "Internet Chess Club"]
[Date "2016.06.03"]
[Round "6"]
[White "kvicc"]
[Black "RussianCowboy"]
[Result "0-1"]
[ICCResult "White forfeits on time"]
[WhiteElo "2200"]
[BlackElo "1886"]
[Opening "Pirc defense"]
[ECO "B07"]
[NIC "PU.08"]
[Time "19:56:11"]
[TimeControl "180+0"]

1. e4 d6 2. d4 Nf6 3. Nc3 e5 4. dxe5 dxe5 5. Qxd8+ Kxd8 6. Bg5 Be7 7. O-O-O+
Nfd7 8. Bxe7+ Kxe7 9. Nd5+ Kd8 10. Nf3 f6 11. Nh4 c6 12. Ne3 g6 13. f3 Kc7
14. Bc4 Nb6 15. Bb3 a5 16. a3 Na6 17. Rd2 Nc5 18. Ba2 Rd8 19. Rhd1 Rxd2 20.
Rxd2 Bd7 21. Nc4 Nc8 22. g3 b5 23. Ne3 Nd6 24. Nhg2 Be8 25. Ne1 Bd7 26. Kb1
Rf8 27. Nd3 Ndb7 28. h4 Nxd3 29. cxd3 Nc5 30. d4 exd4 31. Rxd4 Re8 32. Nd1
f5 33. exf5 Bxf5+ 34. Kc1 Re2 35. g4 Rc2+ 36. Kb1 Rc4+ 37. gxf5 Rxd4 38. Ne3
gxf5 39. Nxf5 Rf4 40. Nh6 Rxf3 41. Bg8 Rf4 42. h5 Rh4 43. Bf7 Rh2 44. Ng4
Rg2 45. Ne3 Rh2 46. Ng4 Rg2 47. Ne3 Re2 48. Ng4 b4 49. axb4 axb4 50. Bg8 b3
51. Kc1 Rg2 52. Nf6 Rg1+ 53. Kd2 h6 54. Bf7 Rg2+ 55. Kc3 Rc2+ 56. Kb4 Kb6
57. Ng8 Rxb2 58. Nxh6 Rf2 59. Bg6 b2 60. Nf7 Rg2 61. Bb1 Rg1 62. Bc2 Na6+
63. Kb3 b1=Q+ 64. Bxb1 Rxb1+ 65. Kc2 Rh1 66. h6 Nc5 67. h7 Rxh7 68. Ne5 Rh2+
{White forfeits on time}
0-1

[Event "ICCopen2016"]
[Site "Internet Chess Club"]
[Date "2016.06.03"]
[Round "6"]
[White "Iturrizaga"]
[Black "Sebs"]
[Result "0-1"]
[ICCResult "White forfeits on time"]
[WhiteElo "2994"]
[BlackElo "3018"]
[Opening "King's Indian: orthodox, Aronin-Taimanov, bayonet attack"]
[ECO "E97"]
[NIC "KI.05"]
[Time "19:56:28"]
[TimeControl "180+0"]

1. Nf3 Nf6 2. c4 g6 3. Nc3 Bg7 4. e4 d6 5. d4 O-O 6. Be2 e5 7. O-O Nc6 8. d5
Ne7 9. b4 a5 10. bxa5 Rxa5 11. Nd2 c5 12. Nb3 Ra8 13. Qd3 Bd7 14. f4 exf4
15. Bxf4 Bg4 16. e5 Bxe2 17. Nxe2 Nh5 18. exd6 Nxf4 19. Nxf4 Qxd6 20. Rab1
Rxa2 21. Nd2 Bd4+ 22. Kh1 Nf5 23. Ne4 Qe5 24. Rbe1 Qg7 25. d6 Rd8 26. Nd5
Kh8 27. d7 Rxd7 28. Nxc5 Bxc5 29. Re8+ Bf8 30. Qb3 Ra6 31. g4 Nd6 32. Rb8
Rc6 33. Nf6 Rdc7 34. Qd3 Nxc4 35. Qd8 Rxf6 36. Rxf6 Rd7 37. Qxd7 Qxf6 38.
Qd3 Ne5 {White forfeits on time} 0-1